 Dungeon Crawl Stone Soup version 0.26-a0-958-gf3041fb45f (webtiles) character file.

Game seed: 17294840248787257044

40866 PentaManta the Cleaver (level 13, -4/119 HPs)
             Began as a Minotaur Berserker on Nov 30, 2020.
             Was a High Priest of Trog.
             Slain by a very large slime creature (48 damage)
             ... on level 15 of the Dungeon.
             The game lasted 00:39:23 (17208 turns).

PentaManta the Cleaver (Minotaur Berserker)        Turns: 17208, Time: 00:39:24

Health: -4/119     AC: 27    Str: 28    XL:     13   Next: 76%
Magic:  3/12       EV: 15    Int:  4    God:    Trog [*****.]
Gold:   384        SH: 19    Dex: 15    Spells: 12/12 levels left

rFire    . . .     SeeInvis .   P - +5 war axe
rCold    + + .     Faith    .   W - +1 tower shield {reflect}
rNeg     . . .     Spirit   .   O - +1 ice dragon scales "Hagayden" {rF- rC++ Slay+2}
rPois    +         Reflect  +   x - +1 hat
rElec    .         Harm     .   j - +0 cloak
rCorr    .         Rampage  .   V - +4 pair of gloves of the Loofah {rPois}
MR       .....                  i - +2 pair of boots
Stlth    ..........             l - amulet of the acrobat
HPRegen  0.29/turn              a - +6 ring of dexterity
MPRegen  0.13/turn              m - ring of protection from fire

@: no status effects
A: retaliatory headbutt, horns 2
a: Berserk, Trog's Hand, Brothers in Arms, Renounce Religion


You were on level 15 of the Dungeon.
You worshipped Trog.
Trog was extremely pleased with you.
You visited 2 branches of the dungeon, and saw 16 of its levels.
You also visited: Sewer and Ice Cave.

You collected 1026 gold pieces.
You spent 642 gold pieces at shops.

Inventory:

Hand Weapons
 r - a +2 spear of venom
 B - a +2 whip of electrocution
 P - a +5 war axe (weapon)
 Q - the +7 morningstar "Plog" {vamp, rN+ Str+3}
   (You found it in an ice cave)

   It inflicts no extra harm, but heals its wielder when it wounds a living foe.
   It affects your strength (+3).
   It protects you from negative energy.
 T - a +1 hand axe of electrocution
 U - a +1 battleaxe of flaming
Missiles
 p - 15 curare-tipped darts
 z - a throwing net
Armour
 i - a +2 pair of boots (worn)
 j - a +0 cloak (worn)
 x - a +1 hat (worn)
 F - a +0 plate armour
 O - the +1 ice dragon scales "Hagayden" (worn) {rF- rC++ Slay+2}
   (You found it in an ice cave)

   It affects your accuracy and damage with ranged weapons and melee attacks
   (+2).
   It makes you vulnerable to fire.
   It greatly protects you from cold.
 S - a +0 troll leather armour
 V - the +4 pair of gloves of the Loofah (worn) {rPois}
   (You bought it in a shop on level 11 of the Dungeon)

   It protects you from poison.
 W - a +1 tower shield of reflection (worn)
Jewellery
 a - a +6 ring of dexterity (left hand)
 l - an amulet of the acrobat (around neck)
 m - a ring of protection from fire (right hand)
 o - an uncursed ring of resist corrosion
 G - an uncursed ring of fire
Wands
 b - a wand of digging (11)
 k - a wand of disintegration (7) (quivered)
 n - a wand of iceblast (22)
 C - a wand of polymorph (21)
 N - a wand of paralysis (17)
Scrolls
 d - a scroll of fog
 f - 8 scrolls of enchant armour
 g - 7 scrolls of remove curse
 q - a scroll of brand weapon
 s - a scroll of summoning
 w - 3 scrolls of identify
 y - 8 scrolls of teleportation
 D - a scroll of enchant weapon
 I - a scroll of magic mapping
 J - 4 scrolls of fear
 L - a scroll of blinking
 M - 4 scrolls of silence
Potions
 c - a potion of might
 e - a potion of mutation {unknown}
 h - 5 potions of curing
 t - a potion of resistance
 u - 3 potions of invisibility
 v - 4 potions of heal wounds
 A - 4 potions of lignification
 E - 5 potions of haste
 K - a potion of magic {unknown}
Miscellaneous
 R - a box of beasts
 Y - a condenser vane


   Skills:
 + Level 12.4 Fighting
 - Level 14.0(14.4) Axes
 - Level 6.2(11.1) Maces & Flails
 + Level 13.6 Armour
 + Level 12.6 Dodging
 * Level 8.5 Shields


You had 12 spell levels left.
You didn't know any spells.
Your spell library contained the following spells:

 Spells                   Type           Power        Failure   Level
 Magic Dart               Conj           #...         100%        1
 Blink                    Tloc           N/A          100%        2
 Call Imp                 Summ           #.......     100%        2
 Slow                     Hex            #.......     100%        2
 Conjure Flame            Conj/Fire      #.......     100%        3
 Mephitic Cloud           Conj/Pois/Air  #.......     100%        3


Dungeon Overview and Level Annotations

Branches:
Dungeon (15/15)            Temple (1/1) D:4            Lair (0/6) D:10
    Orc (0/2) D:12         Vaults (0/5) D:13          Sewer (visited)
  IceCv (visited)
 Depths: D:15

Altars:
Ashenzari
Cheibriados
Dithmenos
Elyvilon
Fedhas
Gozag
Kikubaaqudgha
Makhleb
Nemelex Xobeh
Okawaru
Ru
Trog
Uskayaw
Vehumet
Wu Jian
Xom
Yredelemnul
Zin
The Shining One
Jiyva

Shops:
D:11 [:!(

Portals:
Abyss: D:11

Annotations:
D:11 1 transporter, Gall2222's ghost, journeyman DsCK


Innate Abilities, Weirdness & Mutations

You reflexively headbutt those who attack you in melee.
You have a pair of horns on your head.


Message History

The very large slime creature is heavily wounded.
The very large slime creature hits you but does no damage.
You slice the very large slime creature!!
You headbutt the very large slime creature!
The very large slime creature is severely wounded.
The rakshasa weaves an illusion.
The very large slime creature shimmers and seems to become two!
You hit the very large slime creature.
You headbutt the very large slime creature.
The very large slime creature is almost dead.
The very large slime creature hits you!!!
You hit the very large slime creature.
You headbutt the very large slime creature!
You kill the very large slime creature!
You block the rakshasa's attack.
You slash the very large slime creature!
You headbutt the very large slime creature.
The very large slime creature is severely wounded.
The very large slime creature hits you!!!
You die...

#.. .. #..###... #.
##.##..... ..
##...##...#######+##
#.....#...#.##.....#
.....##..#.##....## ##
R..##...#.##....#. #..
#J##....'.......#.
#.#.#@#.##..#.......#.
#.......##..#.......#
#....#......#.......#.
#^..........#.......#.
+.#.....###.#.......#.
#...........#.......#.
####...######....††.#.
#...#...##.[.....#.
#.#.+...##.......#.


You could see a rakshasa and a very large slime creature.

Vanquished Creatures
  An ice dragon (D:11)
  3 boulder beetles
  2 catoblepae
  2 vault guards (D:13)
  A centaur warrior (D:15)
  3 two-headed ogres
  The ghost of kuniqs the Cleaver, a novice DsGl of Gozag (D:10)
  Sonja (D:10)
  2 unseen horrors
  3 harpies (D:12)
  Pikel (D:5)
  A wizard (D:13)
  2 deep elf magi (D:15)
  2 necromancers (D:13)
  A wolf spider zombie (D:15)
  8 ugly things
  A mana viper (shapeshifter) (D:15)
  A centaur zombie (D:13)
  2 manticores
  3 ice statues (IceCv)
  3 gargoyles
  3 centaur skeletons
  A freezing wraith (D:15)
  2 trolls
  2 polar bears (D:11)
  10 slime creatures
  A shadow (D:11)
  3 wraiths
  20 humans (D:13)
  3 wyverns
  21 yaks
  4 basilisks
  A steam dragon (D:14)
  3 wargs (D:12)
  5 vampire mosquitoes
  A water moccasin (D:13)
  A black bear (shapeshifter) (D:11)
  6 sky beasts
  Purgy (Sewer)
  4 orc warriors
  8 ice beasts
  2 phantoms
  A necrophage (D:5)
  A wolf (D:11)
  4 ogres
  9 centaurs
  2 lemures (D:5)
  9 bullfrogs
  4 big kobolds
  2 scorpions
  15 killer bees
  2 howler monkeys
  18 wights
  3 electric eels (D:8)
  A bullfrog zombie (D:5)
  A bullfrog skeleton (D:12)
  8 orc priests
  6 hounds
  5 jellies
  7 orc wizards
  Ijyb (D:4)
  11 worker ants
  Natasha (thrice) (D:2)
  3 iguanas
  A killer bee zombie (D:8)
  A hound zombie (D:8)
  3 hound skeletons
  A worker ant zombie (D:11)
  7 gnolls
  12 adders
  2 white imps
  4 ufetubi
  2 adder skeletons
  3 adder zombies
  4 worms
  5 dart slugs
  5 leopard geckos
  34 orcs
  8 giant cockroaches
  5 goblins
  5 hobgoblins
  13 jackals
  7 bats
  5 frilled lizards
  A jackal skeleton (D:4)
  26 kobolds
  2 leopard gecko skeletons
  A leopard gecko zombie (D:8)
  8 rats
427 creatures vanquished.

Vanquished Creatures (others)
  A kobold (D:14)
  A withered plant (D:12)
2 creatures vanquished.

Grand Total: 429 creatures vanquished

Notes
Turn   | Place    | Note
-------+----------+-------------------------------------------
     0 | D:1      | PentaManta the Minotaur Berserker began the quest for the
                  | Orb.
     0 | D:1      | Reached XP level 1. HP: 19/19 MP: 0/0
   273 | D:1      | Reached skill level 4 in Axes
   273 | D:1      | Reached skill level 1 in Shields
   275 | D:1      | Reached XP level 2. HP: 15/26 MP: 1/1
   718 | D:1      | Reached ** piety under Trog
   910 | D:2      | Reached XP level 3. HP: 28/31 MP: 2/2
  1021 | D:2      | Found a broken altar of Ashenzari.
  1153 | D:2      | Noticed Natasha
  1159 | D:2      | Killed Natasha
  1160 | D:2      | Reached skill level 5 in Axes
  1160 | D:2      | Reached XP level 4. HP: 25/39 MP: 3/3
  1393 | D:2      | Noticed Natasha
  1400 | D:2      | Killed Natasha
  1420 | D:2      | Found a sparkling altar of Nemelex Xobeh.
  1738 | D:2      | Noticed Natasha
  1743 | D:2      | Killed Natasha
  1744 | D:2      | Reached XP level 5. HP: 35/45 MP: 4/4
  2101 | D:3      | Found a faded altar of an unknown god.
  2115 | D:3      | Reached skill level 6 in Axes
  2457 | D:3      | Reached XP level 6. HP: 43/51 MP: 5/5
  3016 | D:3      | Reached *** piety under Trog
  3463 | D:4      | Reached skill level 7 in Axes
  3600 | D:4      | Found a staircase to the Ecumenical Temple.
  3621 | D:4      | Reached XP level 7. HP: 47/57 MP: 6/6
  3650 | Temple   | Entered the Ecumenical Temple
  4292 | D:4      | Noticed Ijyb
  4310 | D:4      | Killed Ijyb
  4525 | D:5      | Entered Level 5 of the Dungeon
  4526 | D:5      | Found a snail-covered altar of Cheibriados.
  4531 | D:5      | Reached skill level 5 in Armour
  4555 | D:5      | Reached skill level 8 in Axes
  4581 | D:5      | Reached skill level 5 in Dodging
  4581 | D:5      | Reached XP level 8. HP: 64/64 MP: 7/7
  4779 | D:5      | Noticed Pikel
  4780 | D:5      | Reached **** piety under Trog
  4815 | D:5      | Killed Pikel
  4816 | D:5      | Reached skill level 9 in Axes
  5612 | D:6      | Found a bloodstained altar of Trog.
  5812 | D:6      | Reached skill level 10 in Axes
  6094 | D:6      | Found a glowing drain.
  6105 | Sewer    | Entered a sewer
  6237 | Sewer    | Noticed Purgy
  6247 | Sewer    | Killed Purgy
  6248 | Sewer    | Reached XP level 9. HP: 70/70 MP: 8/8
  6916 | D:7      | Noticed a two-headed ogre
  6922 | D:7      | Killed a two-headed ogre
  6923 | D:7      | Reached skill level 11 in Axes
  6970 | D:7      | Found an opulent altar of Gozag.
  7259 | D:7      | Found a glowing silver altar of Zin.
  7259 | D:7      | Found a burning altar of Makhleb.
  7260 | D:7      | Found a radiant altar of Vehumet.
  7593 | D:8      | Found a sacrificial altar of Ru.
  8295 | D:8      | Found Buxaed's Armour Shoppe.
  8395 | D:8      | Reached skill level 12 in Axes
  8810 | D:8      | Reached XP level 10. HP: 77/77 MP: 9/9
  8812 | D:8      | Reached ***** piety under Trog
  9118 | D:8      | Reached skill level 13 in Axes
  9528 | D:9      | Found an ornate altar of the Wu Jian Council.
  9556 | D:9      | Found a viscous altar of Jiyva.
 10237 | D:9      | Found a white marble altar of Elyvilon.
 10272 | D:10     | Entered Level 10 of the Dungeon
 10272 | D:10     | Noticed a two-headed ogre
 10286 | D:10     | Killed a two-headed ogre
 10287 | D:10     | Reached skill level 10 in Armour
 10516 | D:10     | Found a runed translucent door.
 10516 | D:10     | Noticed kuniqs's ghost (novice DsGl)
 10630 | D:10     | Killed kuniqs's ghost
 10631 | D:10     | Reached skill level 14 in Axes
 10631 | D:10     | Reached XP level 11. HP: 82/82 MP: 10/10
 10821 | D:10     | Found a staircase to the Lair.
 10849 | D:10     | Noticed Sonja
 10865 | D:10     | Killed Sonja
 11164 | D:10     | Reached skill level 10 in Dodging
 11423 | D:11     | Found a transporter.
 11424 | D:11     | Noticed a sixfirhy
 11429 | D:11     | Found Biroc's Antique Weapon Shoppe.
 11455 | D:11     | Found Tipn's Distillery.
 11472 | D:11     | Found Pafuade's Book Boutique.
 11512 | D:11     | Found a frozen archway.
 11512 | D:11     | Noticed an ice dragon
 11519 | D:11     | Reached skill level 5 in Fighting
 11541 | D:11     | Killed an ice dragon
 11563 | IceCv    | Entered an ice cave
 11843 | IceCv    | Noticed a white ugly thing
 11862 | IceCv    | Killed a white ugly thing
 12229 | IceCv    | Noticed a white ugly thing
 12255 | IceCv    | Received a gift from Trog
 12264 | IceCv    | Killed a white ugly thing
 12278 | IceCv    | Got translucent ice dragon scales
 12286 | IceCv    | Got an ichor-stained morningstar
 12336 | IceCv    | Identified the +1 ice dragon scales "Hagayden" {rF- rC++
                  | Slay+2} (You found it in an ice cave)
 12346 | D:11     | Identified the +7 morningstar "Plog" {vamp, rN+ Str+3} (You
                  | found it in an ice cave)
 12586 | D:11     | Noticed a white ugly thing
 12594 | D:11     | Killed a white ugly thing
 12595 | D:11     | Reached skill level 1 in Maces & Flails
 12625 | D:11     | Reached XP level 12. HP: 99/102 MP: 11/11
 12721 | D:11     | Found a one-way gate to the infinite horrors of the Abyss.
 12721 | D:11     | Noticed Gall2222's ghost (journeyman DsCK)
 12829 | D:11     | Found Neiwuas's Armour Emporium.
 13205 | D:12     | Found a staircase to the Orcish Mines.
 13886 | D:12     | Noticed a catoblepas
 13914 | D:12     | Killed a catoblepas
 13915 | D:12     | Reached skill level 10 in Fighting
 13949 | D:12     | Got an ancient halberd
 14328 | D:13     | Received a gift from Trog
 14421 | D:13     | Found a gate to the Vaults.
 14421 | D:13     | Noticed a vault guard
 14421 | D:13     | Noticed a vault guard
 14429 | D:13     | Reached skill level 5 in Maces & Flails
 14432 | D:13     | Killed a vault guard
 14432 | D:13     | Killed a vault guard
 14433 | D:13     | Reached skill level 5 in Shields
 14495 | D:13     | Reached XP level 13. HP: 105/116 MP: 12/12
 16538 | D:11     | Bought the +4 pair of gloves of the Loofah {rPois} for 642
                  | gold pieces
 16678 | D:15     | Entered Level 15 of the Dungeon
 17178 | D:15     | Received a gift from Trog
 17208 | D:15     | Slain by a very large slime creature

Illustrated notes

Levels and vault maps discovered:
D:1:      lemuel_arrival_river_passageway, layout_basic
D:2:      layout_basic, general_overflow_altar, ashenzari_altar_1, uniq_natasha
D:3:      layout_basic, chequers_ecumenical_altar_island
D:4:      layout_gridville, minmay_temple_entry_arrows, uniq_ijyb
D:5:      layout_rooms, old_standard_altar, uniq_pikel
D:6:      layout_basic, lemuel_round_altar, gup_sewer_entry_pipe,
          kennysheep_generic_room_10
D:7:      layout_rooms, marbit_many_paths, gammafunk_temple_overflow_claw
D:8:      argonaut_augean_stables, layout_rooms, kennysheep_mini_moat,
          serial_shops, shop
D:9:      layout_loops_ring, kennysheep_little_box, elyvilon_altar_5,
          hangedman_abyss_or_decor_stabs, jiyva_altar_1
D:10:     layout_roguey, lair_entry_dummy, serial_curves, eino_curves_02,
          eino_curves_02, eino_curves_04, eino_curves_04,
          ebering_ghost_inner_flame, uniq_sonja
D:11:     layout_irregular_city, gammafunk_ghost_abyssal_escape, serial_shops,
          nicolae_shop_crystal, shop, shop, shop_statue,
          portal_ice_cave_entry_animals_and_master
D:12:     layout_roguey, david_orc_1_choice, argonaut_gorgonesque
D:13:     layout_irregular_city, grunt_vaults_entry_tiered
D:14:     layout_grid_maze, wad_floor_pattern_untrapped, hangedman_decor_lopped,
          grunt_ogre_cave, corexii_corridor_pit, minmay_misc_feat_room
D:15:     gammafunk_enter_depths_forms, layout_stronghold,
          ebering_ghost_rock_garden, uniq_roxanne, uniq_azrael
Temple:   nicolae_temple_x_marks_the_god

Skill      XL: |  1  2  3  4  5  6  7  8  9 10 11 12 13 |
---------------+----------------------------------------+-----
Axes           | 4 5 6 7 8 10 12 14 | 14.0
Shields        | 1 2 3 4 5 8 |  8.5
Armour         | 4 5 7 8 10 11 12 13 | 13.6
Dodging        | 3 5 6 8 9 10 11 12 | 12.6
Fighting       | 8 11 12 | 12.4
Maces & Flails | 1 5 6 |  6.2

Action                   |  1- 3 |  4- 6 |  7- 9 | 10-12 | 13-15 || total
-------------------------+-------+-------+-------+-------+-------++-------
Melee: Hand axe          |    71 |   120 |   104 |    81 |    51 ||   427
       Headbutt          |    11 |    17 |    50 |   151 |    75 ||   304
       War axe           |       |       |   249 |   337 |   184 ||   770
       Whip              |       |       |    15 |    35 |       ||    50
       Trident           |       |       |       |     4 |       ||     4
       Morningstar       |       |       |       |    89 |       ||    89
Invok: Trog's Hand       |       |       |     2 |     2 |       ||     4
       Berserk           |       |       |     9 |     7 |     3 ||    19
  Use: Scroll            |     5 |     5 |    10 |     6 |     3 ||    29
       Potion            |       |       |     1 |       |       ||     1
 Stab: Petrified         |       |       |       |     5 |     3 ||     8
Armor: Animal skin       |     3 |       |       |       |       ||     3
       Ring mail         |    12 |    26 |    62 |       |       ||   100
       Scale mail        |       |       |    24 |       |       ||    24
       Chain mail        |       |       |     9 |    92 |       ||   101
       Ice dragon scales |       |       |       |    82 |    63 ||   145
Dodge: Dodged            |    49 |    65 |   204 |   307 |    62 ||   687
Block: Buckler           |     6 |    24 |    62 |    85 |       ||   177
       Tower shield      |       |       |       |    46 |   159 ||   205
       Reflection        |       |       |       |       |     8 ||     8

Table legend: (Time is in decaauts)
 A = Elapsed time spent in this place.
 B = Non-inter-level travel time spent in this place.
 C = Inter-level travel time spent in this place.
 D = Time resting spent in this place.
 E = Time spent auto-exploring this place.
 F = Levels seen in this place.
 G = Mean time per level.
                   A        B        C        D        E       F      G
               +--------+--------+--------+--------+--------+-----+--------+
         Total |  17270 |  16407 |    863 |   3089 |  10125 |  18 |  959.4 |
       Dungeon |  16327 |  15464 |    863 |   2597 |  10031 |  15 | 1088.5 |
        Temple |      1 |      1 |      0 |      0 |      0 |   1 |    1.0 |
         Sewer |    179 |    179 |      0 |      0 |     94 |   1 |  179.0 |
      Ice Cave |    761 |    761 |      0 |    492 |      0 |   1 |  761.0 |
               +--------+--------+--------+--------+--------+-----+--------+

Top non-repeatable levels by time:
     D:8: 2118 daAuts
     D:4: 1299 daAuts
     D:3: 1264 daAuts
    D:13: 1253 daAuts
     D:6: 1243 daAuts
    D:14: 1199 daAuts
    D:10: 1136 daAuts
    D:12: 1120 daAuts
     D:2: 1076 daAuts
     D:5: 1000 daAuts
    D:11: 986 daAuts
     D:1: 908 daAuts
     D:9: 840 daAuts
   IceCv: 761 daAuts
     D:7: 440 daAuts
